 Dungeon Crawl Stone Soup version 0.27-a0-836-gfc908b8576 (webtiles) character file.

Game seed: 2476604496307065319

125 polve the Changer (level 4, -1/35 HPs)
             Began as a Draconian Transmuter on Mar 31, 2021.
             Succumbed to an orc wizard's poison
             ... on level 3 of the Dungeon.
             The game lasted 00:02:43 (3067 turns).

polve the Changer (Draconian Transmuter)            Turns: 3067, Time: 00:02:44

Health: -1/35      AC:  5    Str: 12    XL:     4   Next: 82%
Magic:  7/7        EV: 12    Int: 14    God:
Gold:   104        SH:  0    Dex: 12    Spells: 4/7 levels left

rFire    + . .     SeeInvis .     - Unarmed
rCold    . . .     Faith    .   (no shield)
rNeg     . . .     Spirit   .   (armour unavailable)
rPois    .         Reflect  .   (helmet unavailable)
rElec    .         Harm     .   (no cloak)
rCorr    .         Rampage  .   (no gloves)
Will     .....     Clarity  +   (boots currently unavailable)
Stlth    +.........             (no amulet)
HPRegen  0.11/turn              (no ring)
MPRegen  0.10/turn              (no ring)

@: lethally poisoned (-1 -> -14), appendages, flying
A: horns 3, talons 2, AC +5, unfitting armour, cold-blooded, clarity, fire
resistance 1, wild magic 1
a: End Transformation


You were on level 3 of the Dungeon.
You had temporarily grown beastly horns and talons.
You visited 1 branch of the dungeon, and saw 3 of its levels.

You collected 104 gold pieces.

Inventory:

Armour
 b - a +0 cloak
 c - a +0 hat
Jewellery
 e - a ring of willpower
Scrolls
 a - a scroll of vulnerability {unknown}
 d - 3 scrolls of identify {unknown}
 h - 3 scrolls of teleportation {unknown}
 j - a scroll of noise {unknown}
Potions
 i - a potion of invisibility {unknown}
 k - a potion of berserk rage {unknown}
 l - a potion of curing {unknown}
 m - a potion of brilliance {unknown}
 n - a potion of lignification {unknown}
 o - a potion of ambrosia {unknown}
 p - a potion of might {unknown}
 q - a potion of attraction {unknown}


   Skills:
 - Level 1.1 Fighting
 - Level 1.7 Dodging
 - Level 3.0 Unarmed Combat
 - Level 2.0 Spellcasting
 + Level 5.1 Transmutations


You had 4 spell levels left.
You knew the following spells:

 Your Spells              Type           Power      Damage    Failure   Level
a - Beastly Appendage     Tmut           40%        N/A       5%          1
b - Wereblood             Tmut           20%        N/A       7%          2

Your spell library contained the following spells:

 Spells                   Type           Power      Damage    Failure   Level
 Spider Form              Tmut/Pois      5%         N/A       34%         3
 Ice Form                 Ice/Tmut       11%        N/A       71%         4
 Hydra Form               Tmut           10%        N/A       71%         5


Dungeon Overview and Level Annotations

Branches:
Dungeon (3/15)

Altars:

Shops:
D:2 !


Innate Abilities, Weirdness & Mutations

You have temporarily grown beastly horns and talons.
Your plain brown scales are hard. (AC +5)
You cannot fit into any form of body armour.
You are cold-blooded and may be slowed by cold attacks.
You possess an exceptional clarity of mind.
Your flesh is heat resistant. (rF+)
Your spells are a little harder to cast, but a little more powerful.


Message History

The puff of flame misses you.
You hit the orc wizard.
The orc wizard is moderately wounded.
You hit the orc wizard.
The orc wizard is moderately wounded.
The orc wizard casts a spell at itself.
The orc wizard flickers and vanishes!
Deactivating autopickup; reactivate with Ctrl-A.
You hit something. Something hits you but does no damage.
You are poisoned.
You hit something but do no damage. Your headbutt misses something.
You tail-slap something.
You feel sick. Something hits you.
You are more poisoned.
You closely miss something. You claw something. Your headbutt misses something.
You feel very sick. Something hits you.
You are lethally poisoned!
You miss something. Your kick misses something.
You feel very sick.
You hear some strange, mumbled words.
A magic dart appears from out of thin air!
The magic dart hits you.
You hit something.
Reactivating autopickup.
You feel a bit more experienced.
* * * LOW HITPOINT WARNING * * *
You feel very sick.
Your Transmutations skill increases to level 5!
Okay, then.
* * * LOW HITPOINT WARNING * * *
You feel very sick.
It was a potion of mutation.
You feel extremely strange.
You feel resistant to heat. The horns on your head grow some more.
You feel less in control of your magic.
Your thoughts seem clearer.
* * * LOW HITPOINT WARNING * * *
You feel very sick.
It was a potion of flight.
You feel very buoyant.
You fly up into the air.
You die...

#####.#......##........#######...
.................................
............[....................
..................####.##.....#.#
.....####.......w.# #.##.###.#.#
.....# #.........# #....# #.#.#
.....######.......####....# #.#.#
##...............)........###†#.#
#.......#>#.#.#@#.###........#.#
#........)...................#.#
#.......#.#.#.#.#.###.#..###)#..
#...................###..##.....
#####'###.#.#.#.#.#.# #..#'.....
#.##............# #..##.....
#...#.#.#.#÷#.#.# #.........
#.#............+###'###.....
#.#.#.#.#.#.#.#.............


You could see a worm.

Vanquished Creatures
  An orc wizard (D:3)
  3 adders
  A worm (D:2)
  A dart slug (D:1)
  2 orcs (D:2)
  4 ball pythons (D:1)
  5 endoplasms
  3 giant cockroaches (D:2)
  7 goblins
  4 hobgoblins
  9 jackals
  2 kobolds
  4 quokkas
  5 bats
  6 frilled lizards
  3 rats
60 creatures vanquished.

Notes
Turn   | Place    | Note
-------+----------+-------------------------------------------
     0 | D:1      | polve the Draconian Transmuter began the quest for the Orb.
     0 | D:1      | Reached XP level 1. HP: 16/16 MP: 3/3
   274 | D:1      | Reached XP level 2. HP: 18/23 MP: 3/5
   409 | D:1      | Reached skill level 3 in Transmutations
  1111 | D:1      | Reached XP level 3. HP: 28/28 MP: 4/6
  1384 | D:2      | Reached skill level 4 in Transmutations
  1842 | D:2      | Found Biczod's Distillery.
  1853 | D:2      | Reached XP level 4. HP: 34/35 MP: 5/7
  2946 | D:3      | Learned a level 2 spell: Wereblood
  3065 | D:3      | Reached skill level 5 in Transmutations
  3066 | D:3      | Gained mutation: Your flesh is heat resistant. (rF+)
                  | [potion of mutation]
  3066 | D:3      | Gained mutation: You have a pair of large horns on your
                  | head. [potion of mutation]
  3066 | D:3      | Gained mutation: Your spells are a little harder to cast,
                  | but a little more powerful. [potion of mutation]
  3066 | D:3      | Gained mutation: You possess an exceptional clarity of
                  | mind. [potion of mutation]
  3066 | D:3      | HP: 1/35 [poisoned by an orc wizard]
  3067 | D:3      | Succumbed to an orc wizard's poison

Illustrated notes

Levels and vault maps discovered:
D:1:      wander_arrival_lonely_grave, layout_basic, minmay_misc_feat_rugged
D:2:      layout_loops_ring, serial_shops, shop
D:3:      layout_basic, st_stairs_10

Skill      XL: |  1  2  3  4 |
---------------+-------------+-----
Transmutations | 3 4 5 |  5.1
Fighting       | |  1.1
Dodging        | |  1.7
Unarmed Combat | |  3.0
Spellcasting   | |  2.0

Action                   |  1- 3 |  4- 6 || total
-------------------------+-------+-------++-------
Melee: Unarmed           |   100 |    95 ||   195
       Kick              |    14 |    17 ||    31
       Tailslap          |     8 |     9 ||    17
       Headbutt          |    10 |     5 ||    15
       Punch             |       |     1 ||     1
 Cast: Beastly Appendage |    34 |    13 ||    47
  Use: Potion            |       |     2 ||     2
 Stab: Sleeping          |     1 |     1 ||     2
Armor: Skin              |    30 |    24 ||    54
Dodge: Dodged            |    48 |    61 ||   109

Table legend: (Time is in decaauts)
 A = Elapsed time spent in this place.
 B = Non-inter-level travel time spent in this place.
 C = Inter-level travel time spent in this place.
 D = Time resting spent in this place.
 E = Time spent auto-exploring this place.
 F = Levels seen in this place.
 G = Mean time per level.
                   A        B        C        D        E       F      G
               +--------+--------+--------+--------+--------+-----+--------+
         Total |   3059 |   2960 |     99 |      4 |   2493 |   3 | 1019.7 |
       Dungeon |   3059 |   2960 |     99 |      4 |   2493 |   3 | 1019.7 |
               +--------+--------+--------+--------+--------+-----+--------+

Top non-repeatable levels by time:
     D:1: 1282 daAuts
     D:2: 1044 daAuts
     D:3: 732 daAuts
